 Dungeon Crawl Stone Soup version 0.28.0-62-gf88900778d (webtiles) character file.

Game seed: 6258760116675829930

60 Froggeryz the Skirmisher (level 3, -1/29 HPs)
             Began as a Demonspawn Abyssal Knight on Jan 29, 2024.
             Was a Follower of Lugonu.
             Slain by a sky beast (6 damage)
             ... on level 3 of the Dungeon.
             The game lasted 00:02:32 (2554 turns).

Froggeryz the Skirmisher (DsAK)                     Turns: 2554, Time: 00:02:33

Health: -1/29      AC:  6    Str: 15    XL:     3   Next: 80%
Magic:  4/4        EV: 13    Int: 11    God:    Lugonu [*.....]
Gold:   119        SH:  0    Dex: 13    Spells: 2/2 levels left

rFire   . . .      SeeInvis .     - Unarmed
rCold   . . .      Faith    .   (no shield)
rNeg    . . .      Spirit   .   e - +0 scale mail
rPois   .          Reflect  .   (no helmet)
rElec   .          Harm     .   (no cloak)
rCorr   .          Rampage  .   (no gloves)
Will    .....                   (no boots)
Stlth   ..........              (no amulet)
HPRegen 0.09/turn               k - +4 ring of evasion
MPRegen 0.09/turn               (no ring)

@: no status effects
A: claws 1
a: Renounce Religion, Depart the Abyss


You were on level 3 of the Dungeon.
You worshipped Lugonu.
Lugonu was aware of your devotion.
You visited 1 branch of the dungeon, and saw 3 of its levels.
You visited the Abyss 1 time.

You collected 119 gold pieces.

Inventory:

Armour
 e - a +0 scale mail (worn)
Jewellery
 k - a +4 ring of evasion (left claw)
Scrolls
 b - a scroll of amnesia {unknown}
 c - a scroll of acquirement {unknown}
 d - 2 scrolls of vulnerability {unknown}
 h - a scroll of brand weapon {unknown}
 i - a scroll of teleportation {unknown}
 j - 2 scrolls of enchant armour {unknown}
Potions
 a - a potion of haste {unknown}
 f - a potion of attraction {unknown}
 g - 2 potions of flight {unknown}


   Skills:
 + Level 3.5 Fighting
 + Level 2.3 Armour
 + Level 1.8 Dodging
 + Level 2.4 Unarmed Combat
 - Level 2.4 Invocations


You had 2 spell levels left.
You didn't know any spells.
Your spell library was empty.

Dungeon Overview and Level Annotations

Branches:
Dungeon (3/15)

Altars:

Shops:
D:1 [   D:2 :


Innate Abilities, Weirdness & Mutations

You have sharp fingernails.


Message History

k - a +4 ring of evasion
k - a +4 ring of evasion (left claw)
A sky beast is nearby!
A sky beast is nearby!
A sky beast is nearby!
You aren't carrying any items that you can evoke.
You aren't in the Abyss!
A sky beast is nearby!
A sky beast is nearby!
You scratch the sky beast.
The sky beast is lightly wounded.
The sky beast closely misses you.
You scratch the sky beast.
The sky beast is lightly wounded.
The sky beast hits you. The sky beast shocks you.
You scratch the sky beast.
The sky beast is moderately wounded.
The sky beast barely misses you.
You scratch the sky beast.
The sky beast is heavily wounded.
The sky beast hits you. The sky beast shocks you.
You barely miss the sky beast.
The sky beast is heavily wounded.
The sky beast hits you. The sky beast shocks you.
* * * LOW HITPOINT WARNING * * *
The sky beast flickers out of sight!
Deactivating autopickup; reactivate with Ctrl-A.
A sky beast appears from thin air!
Reactivating autopickup.
The sky beast flickers out of sight!
Deactivating autopickup; reactivate with Ctrl-A.
A sky beast appears from thin air!
Reactivating autopickup.
The sky beast flickers out of sight!
Deactivating autopickup; reactivate with Ctrl-A.
There is a stone staircase leading up here.
Something hits you.
* * * LOW HITPOINT WARNING * * *
Something shocks you.
You die...

..##.#.>..
#........### ..
....<.... #.
#....... ## #.
#..#... #...
..####.##....##...#
#........#.....#
##......##
###..##..@.#
#...###.##{# .#
##.. #.### #.##.##
..##... #.# #.##..#
#..... ###.#
#.###.# ##....###
#...# #.# #.#
........ ##.### #.#
#.## ###.......
###..# #.#
#..####.........
##...## #.#
##......#.......


There were no monsters in sight!

Vanquished Creatures
  2 adders
  2 worms (D:2)
  3 ball pythons
  3 bats
  3 endoplasms
  4 giant cockroaches
  A goblin (D:3)
  A hobgoblin (D:1)
  4 jackals (D:2)
  2 kobolds (D:1)
  A quokka (D:2)
  3 frilled lizards (D:2)
  2 rats
31 creatures vanquished.

Notes
Turn   | Place    | Note
-------+----------+-------------------------------------------
     0 | Abyss:1  | Froggeryz the Demonspawn Abyssal Knight began the quest for
                  | the Orb.
     0 | Abyss:1  | Reached XP level 1. HP: 18/18 MP: 2/2
   155 | Abyss:1  | Found a corrupted altar of Lugonu.
   253 | Abyss:1  | Noticed a bone dragon
   273 | Abyss:1  | Noticed a necromancer
   287 | D:1      | Escaped the Abyss
   446 | D:1      | Reached skill level 1 in Dodging
   752 | D:1      | Reached * piety under Lugonu
  1010 | D:1      | Found Ecreza's Armour Shop.
  1018 | D:1      | Found a faded altar of an unknown god.
  1047 | D:1      | Gained mutation: You have sharp fingernails. [demonic
                  | ancestry]
  1047 | D:1      | Reached XP level 2. HP: 22/24 MP: 3/3
  1097 | D:1      | You fall into a shaft and drop 1 floor!
  1282 | D:2      | Found Vellah's Book Shoppe.
  1685 | D:2      | Reached XP level 3. HP: 29/29 MP: 4/4
  2386 | D:3      | Noticed a sky beast
  2554 | D:3      | Slain by a sky beast

Illustrated notes

Levels and vault maps discovered:
D:1:      psy_arrival_conway, layout_basic, chequers_ecumenical_altar_simple,
          serial_shops, shop
D:2:      layout_loops_cross, serial_shops, nicolae_shop_crystal
D:3:      layout_rooms, fedhas_altar_4, chequers_big_river,
          kennysheep_generic_room_14, uniq_crazy_yiuf_cottage

Skill      XL: |  1 |
---------------+----+-----
Dodging        | 1 |  1.8
Armour         | 2 |  2.3
Unarmed Combat | 2 |  2.4
Fighting       | |  3.5
Invocations    | |  2.4

Action                   || total
-------------------------++-------
Melee: Unarmed           ||   159
       Punch             ||     5
Invok: Depart the Abyss  ||     1
Armor: Ring mail         ||    19
       Leather armour    ||     2
       Scale mail        ||    39
Dodge: Dodged            ||    80
